 Dungeon Sprint DCSS version 0.24-a0-246-gb963c9a (webtiles) character file.

Game seed: 6703069281545189581

402 MikeHunt the Thrower (level 6, -4/59 HPs)
             Began as an Ogre Hunter on Apr 12, 2019.
             Was an Initiate of Okawaru.
             Slain by a redback (14 damage)
             ... summoned by a deep elf mage
             ... in the Dungeon (Sprint III: "The Ten Rune Challenge").
             The game lasted 00:03:18 (450 turns).

MikeHunt the Thrower (Ogre Hunter)                   Turns: 450, Time: 00:03:18

Health: -4/59      AC:  4    Str: 17    XL:     6   Next: 85%
Magic:  6/6        EV: 10    Int: 12    God:    Okawaru [......]
Gold:   37         SH:  0    Dex: 11    Spells: 5/5 levels left

rFire    + . .     SeeInvis .   n - +2 quarterstaff (chaos)
rCold    . . .     Gourm    .   (shield currently unavailable)
rNeg     . . .     Faith    .   b - +0 robe
rPois    .         Spirit   .   (helmet restricted)
rElec    .         Reflect  .   o - +0 cloak
rCorr    .         Harm     .   (gloves unavailable)
MR       .....     NoTele   +   (boots unavailable)
Stlth    +.........             (no amulet)
HPRegen  0.19/turn              (no ring)
MPRegen  0.10/turn              (no ring)

@: lethally poisoned (-4 -> -21)
A: large, unfitting armour, claws 1, blink, fire resistance 1, sense
surroundings 1, tough skin 1
a: Blink, Renounce Religion


You were in the Dungeon.
You worshipped Okawaru.
Okawaru was noncommittal.
You were not hungry.

You visited 1 branch You collected 37 gold pieces.

Inventory:

Hand Weapons
 a - a +0 short sword
 n - a +2 quarterstaff of chaos (weapon)
Missiles
 d - a throwing net (quivered)
Armour
 b - a +0 robe (worn)
 o - a +0 cloak (worn)
Scrolls
 k - a scroll of blinking
 l - 4 scrolls of identify
 p - a scroll of torment {unknown}
 q - 3 scrolls of remove curse
 s - a scroll of holy word {unknown}
Potions
 e - a potion of curing
 g - a potion of heal wounds
 h - a potion of haste
 i - 2 potions of magic
 r - 2 potions of flight
 t - a potion of agility {unknown}
 u - 2 potions of mutation
Comestibles
 f - 3 rations


   Skills:
 - Level 2.6 Fighting
 + Level 14.1 Throwing
 - Level 1.7 Dodging
 - Level 0.6 Stealth


You had 5 spell levels left.
You didn't know any spells.
Your spell library was empty.

Dungeon Overview and Level Annotations

Branches:
Dungeon (1/1)

Altars:
Elyvilon
Okawaru
Trog
Uskayaw
Wu Jian
Zin
The Shining One
Beogh


Innate Abilities, Weirdness & Mutations

You are too large for most types of armour.
You have tough skin. (AC +1)
You have sharp fingernails.
You can translocate small distances at will.
Your flesh is heat resistant. (rF+)
You passively map a small area around you.


Message History

Throwing (i - inventory. (/) - cycle)
c - 2 large rocks (quivered)
Press: ? - help, Shift-Dir - straight line, f/p - deep elf mage
Aim: a deep elf mage, wielding a +0 long sword of holy wrath (lightly wounded)
You throw a large rock. The large rock hits the deep elf mage!
The deep elf mage is heavily wounded.
You feel very sick.
The deep elf mage hits you but does no damage.
The redback bites you. x2
* * * LOW HITPOINT WARNING * * *
Throwing (i - inventory. (/) - cycle)
c - a large rock (quivered)
Press: ? - help, Shift-Dir - straight line, f/p - deep elf mage
Aim: a deep elf mage, wielding a +0 long sword of holy wrath (heavily wounded)
You throw a large rock. The large rock hits the deep elf mage!!
The deep elf mage is almost dead.
* * * LOW HITPOINT WARNING * * *
You feel very sick. The redback bites you.
* * * LOW HITPOINT WARNING * * *
The deep elf mage barely misses you. The redback bites you!
You die...

▓▓▓▓▓▓▓ ▓▓▓ * '.....♣
♣.######### * , *
#....♣♣♣ ♣.#___#___# _ *
#......♣ ♣♣.#(..#__.# ,
#....≈♣♣♣♣..###'#)###+##,
,
#...≈≈...♣♣.#...ss.....#
,
#..≈≈≈≈♣♣♣♣.'.⌠.@e.....#
#..≈≈≈≈≈≈♣♣.#...######+#
* #.≈≈≈≈≈≈....#.⌠.#_ * ,,
* * #.≈≈≈≈≈.....#...# ,
#.≈≈≈.......#+###_ ,,
#...........#, , *
............#_ _+
▓▓▓▓▓▓▓▓▓▓▓▓▓ * * * * ≈*
, *≈


You could see a deep elf mage and 2 redbacks.

Vanquished Creatures
  A water elemental (D)
  Crazy Yiuf (D)
  3 humans (D)
  An ooze (D)
  3 rats (D)
9 creatures vanquished.

Vanquished Creatures (others)
  2 draconian scorchers (D)
  Nessos (D)
  6 hellions (D)
  2 yaktaurs (D)
11 creatures vanquished.

Grand Total: 20 creatures vanquished

Notes
Turn   | Place    | Note
-------+----------+-------------------------------------------
     0 | D        | MikeHunt the Ogre Hunter began the quest for the Orb.
     0 | D        | Reached XP level 1. HP: 22/22 MP: 1/1
    10 | D        | Reached skill level 5 in Throwing
    38 | D        | Reached XP level 2. HP: 23/29 MP: 2/2
    84 | D        | Killed a hellion
    92 | D        | Killed a yaktaur
    96 | D        | Killed a hellion
    98 | D        | Killed a hellion
    99 | D        | Killed a hellion
   110 | D        | Noticed Crazy Yiuf
   119 | D        | Killed Crazy Yiuf
   119 | D        | Reached skill level 7 in Throwing
   119 | D        | Reached XP level 3. HP: 36/36 MP: 3/3
   136 | D        | Killed a yaktaur
   137 | D        | Killed a hellion
   138 | D        | Killed a hellion
   159 | D        | Killed Nessos
   164 | D        | Gained mutation: Armour fits poorly on your strangely
                  | shaped body. [potion of mutation]
   164 | D        | Gained mutation: Your flesh is heat resistant. (rF+)
                  | [potion of mutation]
   164 | D        | Gained mutation: You are resistant to electric shocks.
                  | (rElec) [potion of mutation]
   164 | D        | Gained mutation: You passively map a small area around you.
                  | [potion of mutation]
   166 | D        | Lost mutation: You are resistant to electric shocks.
                  | (rElec) [potion of mutation]
   166 | D        | Lost mutation: Your flesh is heat resistant. (rF+) [potion
                  | of mutation]
   166 | D        | Gained mutation: Your flesh is heat resistant. (rF+)
                  | [potion of mutation]
   166 | D        | Gained mutation: You are agile. (Dex +2) [potion of
                  | mutation]
   167 | D        | Lost mutation: Armour fits poorly on your strangely shaped
                  | body. [potion of mutation]
   167 | D        | Lost mutation: You are agile. (Dex +2) [potion of mutation]
   167 | D        | Gained mutation: You can translocate small distances at
                  | will. [potion of mutation]
   167 | D        | Gained mutation: You have sharp fingernails. [potion of
                  | mutation]
   173 | D        | Reached skill level 8 in Throwing
   192 | D        | Noticed a water elemental
   194 | D        | Killed a water elemental
   194 | D        | Reached skill level 10 in Throwing
   194 | D        | Reached XP level 4. HP: 44/44 MP: 4/4
   194 | D        | Reached XP level 5. HP: 50/50 MP: 5/5
   202 | D        | Found a hide-covered altar of Uskayaw.
   202 | D        | Found a roughly hewn altar of Beogh.
   202 | D        | Found an iron altar of Okawaru.
   202 | D        | Found a bloodstained altar of Trog.
   202 | D        | Found an ornate altar of the Wu Jian Council.
   202 | D        | Noticed a human
   202 | D        | Noticed a human
   222 | D        | Killed a human
   222 | D        | Reached skill level 12 in Throwing
   222 | D        | Reached XP level 6. HP: 19/59 MP: 6/6
   222 | D        | Killed a human
   222 | D        | Reached skill level 14 in Throwing
   232 | D        | Killed a white draconian scorcher
   435 | D        | Became a worshipper of Warmaster Okawaru
   435 | D        | Killed a white draconian scorcher
   439 | D        | Found a glowing silver altar of Zin.
   439 | D        | Found a glowing golden altar of the Shining One.
   439 | D        | Found a white marble altar of Elyvilon.
   439 | D        | Noticed a deep elf mage
   441 | D        | Noticed a redback
   441 | D        | Noticed a redback
   450 | D        | Slain by a redback

Levels and vault maps discovered:
D:        dungeon_sprint_mu [sprint_mu_entry_forest, sprint_mu_temple_rooms,
          sprint_mu_d1_spiders, sprint_mu_d2_genie, sprint_mu_d3_branching,
          sprint_mu_orc_legion, sprint_mu_elf_gauntlet, sprint_mu_hive_nellie,
          sprint_mu_lair_fedhas, sprint_mu_vaults_butterflies,
          sprint_mu_slime_circle, sprint_mu_shoals_kraken,
          sprint_mu_snake_twists, sprint_mu_blade_basic, sprint_mu_crypt_lich,
          sprint_mu_tomb_spiral, sprint_mu_vestibule_basic,
          sprint_mu_gehenna_hellfire, sprint_mu_dis_giant,
          sprint_mu_tartarus_statrot, sprint_mu_cocytus_islands, sprint_mu_zot1]

Skill      XL: |  1  2  3  4  5  6 |
---------------+-------------------+-----
Throwing       | 5 7 10 12 14 | 14.1
Fighting       | |  2.6
Dodging        | |  1.7
Stealth        | |  0.6

Action                   |  1- 3 |  4- 6 || total
-------------------------+-------+-------++-------
Melee: Short sword       |    15 |       ||    15
       Quarterstaff      |       |    13 ||    13
Throw: Large rock        |     5 |     9 ||    14
       Throwing net      |       |     1 ||     1
 Abil: Blink             |       |     1 ||     1
  Use: Potion            |     3 |     1 ||     4
 Stab: Held in net/web   |       |     1 ||     1
Armor: Robe              |     8 |     4 ||    12
Dodge: Dodged            |    12 |     7 ||    19

Table legend:
 A = Non-vault XP
 B = Vault XP
 C = Vault XP percentage of total XP
 D = Non-vault monster count
 E = Vault monster count
 F = Vault count percentage of total count
                 A         B        C        D         E       F
            +---------+---------+-------+---------+---------+-------
      Total |       0 |     575 | 100.0 |       0 |       9 | 100.0
            +---------+---------+-------+---------+---------+-------
          D |       0 |     575 | 100.0 |       0 |       9 | 100.0
            +---------+---------+-------+---------+---------+-------
